Map: Acid Plant LE

Players

LiquidTLO (TLO)

  • Race: Zerg Zerg
  • Spawn Location: 5:00

BlueCheese - Winner!

  • Race: Terran Terran
  • Spawn Location: 11:00

Event: WCS Leipzig 2018

VOD

Have the link to the VOD?

Description

Time

  • Played on: Jan. 26, 2018, 6:45 a.m.
  • Length: 11:32

All games in this series

Show
View Real Time Build Order
Export as new Build Order

LiquidTLO Zerg 

Build Orders: Pool First 

Get SALT Encoding   

  12  0:00  Drone  
  13  0:12  Overlord  
  13  0:17  Drone  
  14  0:31  Drone x2  
  16  0:40  Spawning Pool  
  15  0:45  Drone  
  15  0:47  Drone  
  17  1:09  Hatchery  
  16  1:11  Drone  
  16  1:15  Drone  
  18  1:18  Extractor  
  17  1:27  Zergling x2  
  17  1:28  Zergling x2  
  19  1:34  Queen  
  21  1:43  Overlord  
  21  1:50  Drone  
  22  2:03  Drone  
  23  2:09  Queen  
  23  2:10  Drone  
  26  2:22  Queen  
  28  2:23  Metabolic Boost  
  28  2:29  Overlord  
  28  2:30  Drone  
  28  2:34  Drone  
  28  2:36  Drone  
  30  2:44  Drone  
  31  2:48  Drone x2  
  31  2:49  Drone  
  31  2:51  Drone  
  34  2:53  Drone  
  35  3:01  Drone  
  36  3:10  Hatchery  
  36  3:12  Zergling x2  
  36  3:13  Zergling x2  
  36  3:16  Drone  
  36  3:19  Overlord  
  38  3:22  Drone  
  38  3:25  Drone  
  40  3:27  Drone  
  40  3:28  Drone  
  40  3:30  Drone  
  40  3:33  Drone  
  44  3:38  Overlord  
  44  3:39  Queen  
  46  3:47  Drone  
  47  3:48  Overlord  
  47  3:50  Overlord  
  47  3:53  Queen  
  49  3:56  Zergling x4  
  49  3:59  Zergling x2  
  49  4:00  Drone  
  49  4:02  Drone  
  54  4:06  Drone  
  54  4:09  Zergling x4  
  57  4:11  Zergling x2  
  57  4:13  Zergling x2  
  57  4:18  Drone  
  57  4:20  Overlord  
  57  4:21  Drone, Overlord  
  57  4:23  Drone  
  58  4:24  Drone  
  58  4:28  Drone  
  56  4:39  Drone x2  
  56  4:41  Queen x2  
  56  4:43  Spore Crawler  
  59  4:45  Spore Crawler  
  59  4:49  Spore Crawler  
  59  4:52  Spore Crawler  
  56  4:53  Drone  
  56  4:54  Drone  
  56  4:55  Drone  
  56  4:58  Drone x2  
  61  5:00  Drone  
  61  5:02  Drone  
  61  5:05  Drone x2  
  65  5:09  Evolution Chamber  
  65  5:10  Drone  
  65  5:11  Drone  
  65  5:12  Drone, Evolution Chamber  
  66  5:15  Drone  
  66  5:16  Drone  
  66  5:18  Drone  
  69  5:22  Drone  
  69  5:24  Drone x2  
  69  5:28  Overlord  
  72  5:29  Drone  
  72  5:30  Drone  
  72  5:32  Drone x2  
  72  5:34  Drone  
  78  5:35  Drone  
  78  5:37  Extractor x3  
  78  5:40  Drone  
  78  5:41  Drone  
  77  5:43  Extractor x2  
  77  5:44  Drone  
  75  5:50  Drone  
  75  5:51  Drone x2  
  75  5:52  Drone x2  
  75  5:54  Zerg Ground Armor Level 1  
  75  5:55  Zerg Melee Weapons Level 1  
  79  5:58  Drone  
  79  5:59  Drone x2  
  79  6:01  Drone  
  79  6:03  Drone  
  84  6:06  Drone  
  85  6:11  Drone  
  85  6:13  Pneumatized Carapace  
  85  6:14  Drone  
  87  6:18  Zergling x2  
  87  6:19  Drone, Hatchery  
  87  6:21  Baneling Nest  
  87  6:23  Lair  
  87  6:24  Drone, Zergling x4  
  90  6:28  Zergling x2  
  90  6:30  Zergling x4  
  90  6:32  Overlord  
  93  6:34  Drone x3  
  93  6:35  Drone  
  93  6:36  Drone  
  98  6:41  Overlord  
  98  6:42  Overlord  
  98  6:44  Overlord  
  98  6:48  Overlord  
  98  6:49  Overlord  
  98  6:58  Zergling x2  
  98  6:59  Overlord  
  98  7:01  Zergling x4  
  101  7:02  Zergling x4  
  101  7:04  Zergling x2  
  101  7:05  Baneling x3  
  101  7:06  Baneling x7, Zergling x4  
  101  7:07  Zergling x2  
  101  7:08  Zergling x2, Spore Crawler  
  106  7:10  Zergling x4  
  106  7:14  Zergling x2  
  106  7:15  Spine Crawler, Zergling x4  
  110  7:17  Baneling  
  110  7:18  Baneling, Zergling x2  
  110  7:19  Overlord  
  110  7:21  Zergling x2  
  112  7:25  Zergling x4  
  112  7:29  Zergling x2  
  115  7:31  Zergling x2  
  115  7:32  Zergling x4  
  115  7:33  Zergling x4  
  120  7:37  Overlord  
  120  7:40  Zergling x2  
  120  7:43  Zergling x2  
  121  7:45  Zergling x2  
  121  7:46  Zergling x2  
  121  7:47  Zergling x2  
  121  7:50  Drone x2  
  116  7:52  Zerg Ground Armor Level 2, Zerg Melee Weapons Level 2  
  116  7:55  Centrifical Hooks  
  116  7:56  Infestation Pit  
  116  7:57  Drone, Spire  
  115  8:00  Drone x4  
  115  8:03  Overlord  
  118  8:10  Zergling x2  
  118  8:11  Zergling x2  
  118  8:12  Zergling x4  
  111  8:14  Zergling x2  
  111  8:16  Zergling x2  
  111  8:17  Zergling x2  
  101  8:20  Zergling x2  
  101  8:21  Zergling x4  
  101  8:24  Zergling x2  
  101  8:25  Zergling x2  
  102  8:29  Zergling x2  
  102  8:31  Zergling x2  
  102  8:32  Zergling x4  
  106  8:36  Hive  
  106  8:37  Zergling x2  
  106  8:40  Drone, Baneling  
  106  8:41  Baneling x10  
  108  8:42  Drone x2, Hatchery, Baneling  
  108  8:43  Extractor  
  108  8:46  Zergling x2  
  108  8:47  Zergling x4  
  108  8:48  Zergling x2, Hatchery  
  112  8:49  Zergling x4  
  112  8:52  Overseer  
  113  8:56  Zergling x2  
  113  9:00  Zergling x2  
  114  9:04  Drone  
  114  9:07  Zergling x6  
  114  9:08  Zergling x8  
  122  9:10  Baneling  
  122  9:14  Zerg Flyer Armor Level 1, Corruptor x3  
  128  9:17  Zergling x2  
  128  9:34  Zergling x2  
  128  9:36  Zergling x2  
  124  9:45  Zergling x4  
  119  9:49  Viper  
  119  9:50  Ultralisk Cavern, Viper x2  
  119  9:52  Zergling x22  
  136  9:53  Zergling x4  
  136  9:54  Queen  
  136  9:55  Zergling x4  
  136  9:56  Extractor  
  136  9:57  Queen  
  143  10:01  Zergling x10  
  143  10:02  Zergling x6  
  143  10:06  Zergling x6  
  154  10:07  Baneling x4  
  154  10:16  Zergling x4  
  154  10:17  Zergling x2  
  154  10:18  Zergling x2  
  154  10:19  Zergling x4  
  158  10:23  Zergling x4  
  158  10:24  Zergling x2  
  158  10:25  Zergling x2  
  158  10:27  Zergling x2  
  123  10:28  Zergling x2  
  123  10:30  Zergling x2  
  111  10:42  Baneling x9  
  103  10:48  Baneling x2  
  99  10:50  Zergling x2  
  99  10:51  Zergling x2  
  100  10:59  Zergling x4  
  100  11:01  Zergling x2  
  100  11:02  Zergling x2  
  110  11:04  Zergling x4  
  110  11:06  Zergling x2  
  111  11:14  Zergling x4  
Show
View Real Time Build Order
Export as new Build Order

BlueCheese Terran - Winner!

Build Orders: Hellion Opening, Reaper Expand, Bio Tank 

Get SALT Encoding   

  12  0:00  SCV  
  13  0:12  SCV  
  14  0:17  Supply Depot  
  14  0:24  SCV  
  15  0:38  SCV  
  15  0:39  Barracks  
  16  0:43  Refinery  
  16  0:50  SCV  
  17  1:02  SCV  
  18  1:15  SCV  
  19  1:27  Orbital Command, Reaper  
  20  1:40  Command Center  
  20  1:48  Supply Depot  
  20  1:51  Supply Depot  
  20  1:53  SCV  
  21  1:58  Marine  
  22  2:09  SCV  
  22  2:14  Factory  
  23  2:18  Refinery  
  23  2:21  SCV, Barracks Reactor  
  24  2:34  SCV  
  25  2:46  SCV  
  26  2:57  Orbital Command  
  27  2:58  SCV  
  27  3:03  Starport  
  29  3:06  Hellion x2, Barracks Tech Lab  
  29  3:10  SCV  
  32  3:22  SCV  
  32  3:24  SCV  
  36  3:27  Hellion x2  
  38  3:34  SCV  
  38  3:36  SCV, Supply Depot  
  40  3:46  Viking  
  40  3:47  SCV  
  40  3:48  SCV  
  44  3:49  Hellion  
  46  3:58  Hellion  
  46  3:59  SCV  
  46  4:00  SCV  
  46  4:01  Supply Depot  
  50  4:10  Liberator  
  50  4:11  SCV  
  50  4:12  SCV  
  52  4:20  Command Center  
  52  4:23  SCV  
  53  4:24  SCV  
  53  4:29  Barracks Tech Lab  
  55  4:35  SCV  
  55  4:36  SCV  
  56  4:41  Cyclone  
  56  4:42  Cyclone  
  56  4:47  SCV  
  56  4:48  SCV  
  56  4:50  Engineering Bay x2  
  56  4:51  Supply Depot  
  58  4:57  Marine  
  58  4:59  SCV, Barracks  
  60  5:00  Barracks  
  60  5:01  SCV  
  60  5:03  Stimpack  
  60  5:06  Refinery  
  61  5:10  Refinery  
  61  5:11  SCV  
  61  5:13  SCV  
  63  5:22  Marine  
  63  5:23  SCV  
  63  5:25  SCV, Terran Infantry Weapons Level 1, Terran Infantry Armor Level 1  
  65  5:32  Orbital Command  
  65  5:35  SCV  
  65  5:37  SCV  
  67  5:45  Marine  
  67  5:46  Starport Reactor  
  67  5:48  SCV, Barracks, Barracks Reactor  
  67  5:49  SCV  
  70  5:53  Supply Depot  
  70  5:55  Barracks  
  67  6:00  Orbital Command  
  67  6:05  SCV  
  67  6:06  SCV  
  67  6:08  Marine  
  70  6:12  Supply Depot  
  70  6:17  SCV, Siege Tank  
  74  6:18  SCV  
  74  6:20  Barracks  
  74  6:22  Supply Depot  
  74  6:23  Armory  
  74  6:25  SCV  
  76  6:26  Marine  
  76  6:27  Marine x4  
  76  6:28  Medivac x2  
  76  6:29  SCV  
  76  6:31  SCV  
  87  6:37  SCV  
  88  6:40  Supply Depot  
  88  6:41  SCV, Barracks Reactor  
  88  6:42  Barracks Reactor  
  88  6:43  SCV, Supply Depot  
  88  6:44  Supply Depot, Marine x2  
  88  6:45  Supply Depot  
  92  6:49  SCV, Siege Tank  
  96  6:57  SCV x2  
  98  7:01  SCV  
  98  7:04  Marine x2  
  98  7:05  Marine x3  
  104  7:09  SCV x2, Factory  
  104  7:10  Supply Depot  
  104  7:12  Supply Depot  
  106  7:18  Marine x2  
  106  7:19  Barracks Reactor  
  106  7:22  Marine x5  
  111  7:23  Combat Shields, Siege Tank  
  111  7:28  Supply Depot  
  116  7:30  Terran Infantry Weapons Level 2  
  116  7:31  Marine  
  116  7:32  Marine  
  116  7:36  Marine x2  
  119  7:40  Marine x3  
  122  7:50  Marine x4  
  122  7:51  Medivac x2  
  112  7:52  Factory Tech Lab  
  112  7:54  Refinery, Supply Depot, Marine x2  
  112  7:55  Refinery  
  114  8:01  Marine x5  
  118  8:12  Marine x2  
  109  8:13  Marine x2  
  109  8:17  Marine x2  
  109  8:18  Marine x2  
  109  8:19  Marine x3  
  110  8:20  SCV x3  
  105  8:30  Marine x2, Siege Tank x2  
  105  8:32  SCV x2  
  117  8:35  Marine x2  
  117  8:36  Marine x2  
  117  8:37  Marine x2  
  117  8:38  Marine  
  122  8:46  Supply Depot  
  122  8:48  Marine x2  
  122  8:50  Barracks Tech Lab  
  122  8:52  Marine  
  122  8:53  Marine  
  122  8:54  Marine x2  
  122  8:55  Terran Infantry Armor Level 2  
  128  8:57  Command Center, Marine x3  
  128  9:01  SCV x2  
  128  9:02  SCV, Siege Tank  
  137  9:03  Siege Tank  
  137  9:06  Marine x2  
  142  9:11  Marine  
  142  9:12  Marine x4  
  142  9:13  SCV  
  142  9:15  SCV x2, Marine  
  142  9:16  Marine x2  
  153  9:20  Medivac  
  153  9:24  Marine x2  
  155  9:25  Supply Depot  
  155  9:29  Marine, Terran Vehicle Weapons Level 1  
  155  9:30  Marauder x2  
  162  9:34  Marine x2  
  162  9:35  Siege Tank  
  163  9:47  Marine x5  
  163  9:48  Medivac, Marine  
  163  9:51  Marauder  
  163  9:52  Marauder  
  174  10:01  Marine x2  
  174  10:04  Medivac  
  178  10:13  Marauder x2  
  182  10:16  Marine x3  
  182  10:17  Marine x3  
  182  10:18  Medivac  
  182  10:19  Marine  
  190  10:27  Marine  
  149  10:34  Marine x5, Marauder x2  
  149  10:35  Marine  
  152  10:38  Planetary Fortress  
  152  10:39  SCV x2  
  152  10:40  SCV  
  155  10:45  Medivac  
  155  10:46  Marine x2  
  155  10:48  Medivac  
  159  10:51  SCV  
  159  10:52  Marine x5  
  159  10:56  Marauder x2, Marine  
  170  11:04  Marine x2  
  170  11:10  Marine x3  
  171  11:12  Marine  
  171  11:13  Marine  
  171  11:14  Marine  
Tags
 
Add a new tag
Caveats
  • Supply blocks, unpowered buildings, or Contaminate may cause inaccurate times.
  • Supply counts are checked every 10 seconds.